 Dungeon Crawl Stone Soup version 0.22-a0-358-g7563fe7 (webtiles) character file.

88859 iamserjio the Black Belt (level 15, -8/100 HPs)
             Began as a Tengu Fighter on Apr 17, 2018.
             Was the Champion of Ru.
             Mangled by a wolf spider (14 damage)
             ... on level 3 of the Lair of Beasts on Apr 18, 2018.
             The game lasted 03:58:31 (31305 turns).

iamserjio the Black Belt (Tengu Fighter)           Turns: 31305, Time: 03:58:32

Health: -8/100     AC: 10    Str: 18    XL:     15   Next: 95%
Magic:  17/17      EV: 29    Int:  5    God:    Ru [******]
Gold:   179        SH: 14    Dex: 23    Spells: 14/14 levels left

rFire    + . .     SeeInvis .     - Unarmed
rCold    . . .     Gourm    .   f - +2 shield
rNeg     . . .     Faith    .   l - +2 leather armour {rPois}
rPois    +         Spirit   .   V - +0 hat
rElec    .         Reflect  .   S - +1 cloak
rCorr    .         Harm     .   a - +0 pair of fencer's gloves {+Riposte Dex+3}
MR       +....                  (boots unavailable)
Stlth    ++........             F - amulet of regeneration
HPRegen  0.66/turn              x - ring of protection from fire
MPRegen  0.15/turn              G - +2 ring of dexterity

@: about to teleport, no potions, flying quickly and evasively, quick
A: beak, talons 3, dopey 2, inability to drink while threatened, hated by all,
no charms magic, no fire magic, no necromancy magic, inexperienced 1, able to
fly 2
a: Stop Flying, Draw Out Power, Power Leap, Apocalypse, Renounce Religion


You were on level 3 of the Lair of Beasts.
You worshipped Ru.
Ru was exalted by your worship.
You were not hungry.

You visited 8 branches of the dungeon, and saw 27 of its levels.
You also visited: Ice Cave.

You collected 2480 gold pieces.
You spent 2301 gold pieces at shops.

Inventory:

Hand Weapons
 W - a +2 demon trident of electrocution
Missiles
 e - 467 stones (quivered)
Armour
 a - the +0 pair of fencer's gloves (worn) {+Riposte Dex+3}
   (You bought it in a shop on level 9 of the Dungeon)

   It affects your dexterity (+3).
 f - a +2 shield (worn)
 h - a +2 scale mail of fire resistance
 l - a +2 leather armour of poison resistance (worn)
 o - a +2 large shield
 A - a +0 scale mail of poison resistance
 L - a +0 troll leather armour
 S - a +1 cloak (worn)
 V - a +0 hat (worn)
Jewellery
 q - an uncursed ring of see invisible
 x - a ring of protection from fire (left hand)
 E - an uncursed ring of ice
 F - an amulet of regeneration (around neck)
 G - a +2 ring of dexterity (right hand)
 M - an uncursed ring of stealth
 R - an uncursed ring of protection from cold
 T - an uncursed ring of fire
Wands
 g - a wand of iceblast (9)
 k - a wand of acid (6)
 t - a wand of digging (10)
 y - a wand of polymorph (28)
 N - a wand of scattershot (3)
 U - a wand of paralysis (26)
Scrolls
 j - 5 scrolls of teleportation
 p - 6 scrolls of remove curse
 u - a scroll of fog
 z - 2 scrolls of silence
 C - 8 scrolls of magic mapping
 I - 4 scrolls of fear
 J - a scroll of vulnerability
 O - 3 scrolls of immolation
 X - a scroll of holy word
 Y - a scroll of blinking
Potions
 c - 3 potions of might
 i - 3 potions of agility
 m - 7 potions of curing
 n - a potion of resistance
 r - 4 potions of heal wounds
 s - 5 potions of lignification
 v - 4 potions of ambrosia
 w - 4 potions of berserk rage
 D - a potion of invisibility
 P - 2 potions of haste
Miscellaneous
 b - a lightning rod (4/4)
 H - a fan of gales
 Q - a lamp of fire
Comestibles
 d - 31 rations


   Skills:
 + Level 14.1 Fighting
 - Level 11.0 Armour
 + Level 15.2 Dodging
 + Level 7.7 Shields
 + Level 16.6 Unarmed Combat
 + Level 1.4 Evocations


You had 14 spell levels left.
You didn't know any spells.

Dungeon Overview and Level Annotations

Branches:
Dungeon (14/15)            Temple (1/1) D:5            Lair (6/6) D:8
  Swamp (1/4) Lair:2       Spider (1/4) Lair:3        Slime (0/5) Lair:5
    Orc (2/2) D:9             Elf (1/3) Orc:2        Vaults (0/5) D:13
   Hell (1/1)
    Dis: Hell:1         Geh: Hell:1         Coc: Hell:1         Tar: Hell:1

Altars:
Ashenzari
Dithmenos
Elyvilon
Makhleb
Ru
Sif Muna
Vehumet
Xom
Yredelemnul
Zin
Jiyva

Shops:
D:9 [   D:11 }   D:13 =   D:14 **[[*   Orc:2 *(?[

Portals:
Hell: Lair:6

Annotations:
Lair:3 Nikola
Swamp:1 Aizul
Hell Geryon


Innate Abilities, Weirdness & Mutations

You have a beak for a mouth.
You have claws for feet.
You are very dopey. (Int -4)
You cannot drink potions while threatened.
You are hated by all.
You cannot study or cast Charms magic.
You cannot study or cast Fire magic.
You cannot study or cast Necromancy magic.
You are somewhat inexperienced. (-2 XL)
You can fly continuously.


Message History

The wolf spider hits you but does no damage.
The wolf spider misses you.
The redback is stunned by your will and fails to attack.
You punch Nikola! Your kick misses Nikola. You peck Nikola.
Nikola is moderately wounded.
The jumping spider leaps!
Nikola gestures wildly while chanting.
You hear a mighty clap of thunder!
The lightning arc hits you!
You feel threatened and lose the ability to drink potions!
The lightning arc hits Nikola.
The lightning arc hits the wolf spider.
The lightning arc hits you!
* * * LOW HITPOINT WARNING * * *
The lightning arc hits the redback.
The redback dies!
The lightning arc hits you!
* * * LOW HITPOINT WARNING * * *
You focus your will and blind Nikola in retribution!
The wolf spider hits you!
You die...

..#..#............##
.......#.###P#....########
........#######.....#.##.#
..#..#...P##.............#
.#...#.........<.........#
....#.........≈≈≈.≈≈≈....#
.............≈.≈≈.≈≈.≈..##
##.#.........≈≈.≈.≈.≈≈..#
..........PP.≈≈≈@@†≈≈≈(.#
..###......#P..†.s.....##
.#####.......≈≈§.†.≈≈≈≈P#
.#...........≈≈.≈.≈.≈≈P.##
.............≈.≈≈.≈≈.≈...#
....##...###..≈≈≈.≈≈≈....##
....##...# ##.≈..).......P#
...##....######..........##
...#.......###P...##.##.##


You could see Nikola (blind) and a wolf spider.

Vanquished Creatures
  A reaper (IceCv)
  A dire elephant (Lair:6)
  Erolcha (D:11)
  11 hydras
  4 catoblepae
  2 vault guards (D:13)
  A death knight (D:14)
  A centaur warrior (D:14)
  5 two-headed ogres
  A tengu warrior (D:14)
  An orc high priest (Orc:2)
  Urug (Lair:5)
  A sun demon (Lair:6)
  An unseen horror (D:10)
  A deep elf archer (Elf:1)
  4 lindwurms (Lair:4)
  4 wizards
  4 ugly things
  A necromancer (D:13)
  4 wolf spiders (Lair:3)
  4 orc knights
  A cyclops (D:12)
  A harpy (shapeshifter) (D:13)
  7 elephants
  6 orc sorcerers
  6 black mambas
  A centaur zombie (D:13)
  2 orange demons (Lair:6)
  Psyche (D:9)
  15 spiny frogs
  2 ice statues (IceCv)
  A gargoyle (D:14)
  10 komodo dragons
  A redback zombie (D:14)
  An efreet (D:13)
  3 demonic crawlers
  A yaktaur (D:13)
  A red devil (Lair:6)
  4 rime drakes
  A hellwing (Lair:6)
  8 trolls
  11 ice devils
  A tengu conjurer (D:14)
  2 polar bears (Lair:4)
  A queen bee (D:8)
  A bog body (Swamp:1)
  A hornet (D:8)
  22 blink frogs
  A slime creature (Lair:5)
  5 hippogriffs
  7 redbacks
  Sigmund (D:4)
  A hungry ghost (D:12)
  17 humans (D:13)
  4 tarantellas
  3 wyverns
  A wraith (D:12)
  2 fire elementals (D:14)
  64 yaks
  7 fire bats (D:11)
  A basilisk (Lair:6)
  2 vampire mosquitoes (D:13)
  20 wargs
  A swamp worm (Lair:2)
  4 hell hounds (Lair:6)
  12 water moccasins
  4 porcupines
  25 orc warriors
  An eye of draining (D:13)
  2 black bears
  2 sky beasts (D:11)
  2 necrophages (D:10)
  11 ogres
  15 wolves
  3 centaurs
  Blork the orc (D:5)
  17 crocodiles
  2 big kobolds
  17 bullfrogs
  A wyvern skeleton (D:14)
  4 scorpions
  19 killer bees
  11 jellies
  12 wights
  3 electric eels (D:8)
  5 howler monkeys
  7 crimson imps
  5 lava snakes (D:14)
  A bullfrog zombie (D:12)
  5 hounds
  A quasit (D:6)
  5 bullfrog skeletons
  25 orc priests
  4 centaur skeletons
  8 worker ants
  41 orc wizards
  A killer bee zombie (D:8)
  A worker ant zombie (D:6)
  3 gnolls (D:4)
  10 adders
  7 shadow imps
  6 white imps (IceCv)
  7 ufetubi (IceCv)
  14 oozes
  An adder zombie (D:10)
  4 dart slugs
  8 leopard geckos
  116 orcs
  11 bats
  4 giant cockroaches
  10 goblins
  6 hobgoblins
  3 jackals (D:1)
  10 kobolds
  6 quokkas
  2 ball pythons
  A ball python skeleton (D:5)
  7 frilled lizards
  A quokka skeleton (D:4)
  5 rats
822 creatures vanquished.

Vanquished Creatures (others)
  A fire dragon (D:11)
  2 wolf spiders (Lair:3)
  A rime drake (Lair:6)
  A jumping spider (Spider:1)
  5 redbacks
  A tarantella (Spider:1)
  A yak (Lair:3)
  A swamp worm (Lair:2)
  A crimson imp (D:12)
  An orc wizard (Orc:2)
  4 white imps (IceCv)
  3 ufetubi (IceCv)
  A bush (Lair:3)
  26 fungi
  3 plants (Lair:6)
52 creatures vanquished.

Grand Total: 874 creatures vanquished

Notes
Turn   | Place    | Note
-------+----------+-------------------------------------------
     0 | D:1      | iamserjio the Tengu Fighter began the quest for the Orb.
     0 | D:1      | Reached XP level 1. HP: 14/14 MP: 2/2
   255 | D:1      | Reached XP level 2. HP: 8/19 MP: 3/3
   504 | D:1      | Reached skill level 1 in Dodging
   589 | D:1      | Reached skill level 3 in Unarmed Combat
   603 | D:1      | Reached XP level 3. HP: 23/23 MP: 4/4
  1073 | D:2      | Found a faded altar of an unknown god.
  1202 | D:2      | Reached XP level 4. HP: 28/28 MP: 5/5
  1454 | D:3      | Found a shimmering altar of Xom.
  1454 | D:3      | Found a shimmering altar of Xom.
  1512 | D:3      | Found a shimmering altar of Xom.
  1629 | D:3      | Reached skill level 4 in Unarmed Combat
  1907 | D:3      | Gained mutation: You can fly. [Tengu growth]
  1907 | D:3      | Reached XP level 5. HP: 31/32 MP: 6/6
  1996 | D:3      | Found a glowing silver altar of Zin.
  2578 | D:4      | Reached skill level 5 in Unarmed Combat
  2586 | D:4      | Reached XP level 6. HP: 32/37 MP: 7/7
  2592 | D:4      | Noticed Sigmund
  3427 | D:4      | Killed Sigmund
  3427 | D:4      | Reached skill level 6 in Unarmed Combat
  3515 | D:4      | Reached XP level 7. HP: 33/41 MP: 8/8
  4155 | D:5      | Entered Level 5 of the Dungeon
  4168 | D:5      | Reached skill level 7 in Unarmed Combat
  4231 | D:5      | Noticed Blork the orc
  4242 | D:5      | Killed Blork the orc
  4564 | D:5      | Found a basalt altar of Yredelemnul.
  4926 | D:5      | Reached skill level 5 in Dodging
  4926 | D:5      | Reached XP level 8. HP: 46/46 MP: 9/9
  5004 | D:5      | Found a staircase to the Ecumenical Temple.
  5011 | Temple   | Entered the Ecumenical Temple
  5026 | Temple   | Became a worshipper of Ru the Awakened
  5345 | D:6      | Reached skill level 5 in Armour
  5345 | D:6      | Reached skill level 8 in Unarmed Combat
  6236 | D:6      | Noticed a yak
  6237 | D:6      | Noticed a yak
  6349 | D:6      | Noticed a yak
  6354 | D:6      | Noticed a yak
  6354 | D:6      | Noticed a yak
  6634 | D:5      | Killed a yak
  6783 | D:6      | Killed a yak
  6783 | D:6      | Reached skill level 9 in Unarmed Combat
  6783 | D:6      | Reached XP level 9. HP: 35/52 MP: 10/10
  8042 | D:7      | Gained mutation: You are hated by all. [Ru sacrifice]
  8042 | D:7      | Reached * piety under Ru
  8077 | D:7      | Found a shattered altar of Ashenzari.
  8124 | D:7      | Reached skill level 10 in Unarmed Combat
  8406 | D:8      | Found a staircase to the Lair.
  8590 | D:8      | Reached skill level 5 in Fighting
  8757 | D:8      | Reached XP level 10. HP: 59/59 MP: 11/11
  9473 | D:9      | Found a staircase to the Orcish Mines.
  9871 | D:9      | Found Feuquet's Armour Boutique.
  9904 | D:10     | Entered Level 10 of the Dungeon
 10087 | D:9      | Noticed Psyche
 10268 | D:9      | Killed Psyche
 10732 | D:10     | Gained mutation: You are somewhat inexperienced. (-2 XL) [Ru sacrifice]
 10732 | D:10     | Reached XP level 9. HP: 55/55 MP: 10/10
 10732 | D:10     | Reached XP level 8. HP: 51/51 MP: 9/9
 10732 | D:10     | Reached ** piety under Ru
 10732 | D:10     | Reached *** piety under Ru
 10844 | D:10     | Noticed an unseen horror
 10866 | D:10     | Killed an unseen horror
 10866 | D:10     | Reached skill level 5 in Shields
 10866 | D:10     | Reached XP level 9. HP: 22/55 MP: 10/10
 11327 | D:10     | Noticed a two-headed ogre
 11335 | D:10     | Killed a two-headed ogre
 11335 | D:10     | Reached skill level 11 in Unarmed Combat
 11551 | D:10     | Reached XP level 10. HP: 61/61 MP: 11/11
 11617 | D:9      | Bought the +0 pair of fencer's gloves {+Riposte Dex+3} for 560 gold pieces
 11617 | D:9      | Found the +0 pair of fencer's gloves {+Riposte Dex+3}
 12253 | D:10     | Reached skill level 10 in Dodging
 12588 | D:11     | Noticed a purple ugly thing
 12617 | D:11     | Killed a purple ugly thing
 12709 | D:11     | Noticed a fire dragon
 12710 | D:11     | Found the +7 great mace "Firestarter" {inner flame, rF++}
 13238 | Lair:1   | Entered Level 1 of the Lair of Beasts
 13239 | Lair:1   | Noticed a six-headed hydra
 13402 | D:11     | Gained mutation: You cannot drink potions while threatened. [Ru sacrifice]
 13402 | D:11     | Reached **** piety under Ru
 13402 | D:11     | Reached ***** piety under Ru
 13420 | D:11     | Noticed Erolcha
 13441 | D:11     | Killed Erolcha
 13441 | D:11     | Reached XP level 11. HP: 68/68 MP: 6/12
 13503 | D:11     | Found Deicusuh's Gadget Boutique.
 13856 | D:11     | Noticed a two-headed ogre
 13863 | D:11     | Killed a two-headed ogre
 14059 | D:12     | Noticed a two-headed ogre
 14081 | D:12     | Killed a two-headed ogre
 14392 | D:13     | Noticed a six-headed hydra
 14413 | D:13     | Killed a six-headed hydra
 14413 | D:13     | Reached skill level 12 in Unarmed Combat
 14678 | D:12     | Noticed a cyclops
 14764 | D:12     | Killed a cyclops
 15216 | D:14     | Noticed a six-headed hydra
 15342 | D:13     | Noticed a harpy
 15346 | D:13     | Killed a harpy
 15380 | D:13     | Reached XP level 12. HP: 68/77 MP: 13/13
 15516 | D:13     | Reached skill level 10 in Fighting
 15557 | D:13     | Gained mutation: You cannot study or cast Fire magic. [Ru sacrifice]
 15557 | D:13     | Gained mutation: You cannot study or cast Necromancy magic. [Ru sacrifice]
 15557 | D:13     | Gained mutation: You cannot study or cast Charms magic. [Ru sacrifice]
 15561 | D:13     | Found a gate to the Vaults.
 15561 | D:13     | Noticed a vault guard
 15561 | D:13     | Noticed a vault guard
 15816 | Orc:1    | Entered Level 1 of the Orcish Mines
 16746 | Orc:2    | Entered Level 2 of the Orcish Mines
 16820 | Orc:2    | Reached skill level 13 in Unarmed Combat
 17370 | Orc:2    | Found Fablu's Antique Weapon Shoppe.
 17370 | Orc:2    | Found Ommued's General Store.
 17370 | Orc:2    | Found Betuxal's Magic Scroll Emporium.
 17371 | Orc:2    | Noticed an orc high priest
 17466 | Orc:2    | Found Nitida's Armour Emporium.
 17471 | Orc:2    | Killed an orc high priest
 17537 | Orc:2    | Bought a potion of agility for 64 gold pieces
 17567 | Orc:2    | Reached XP level 13. HP: 77/84 MP: 14/14
 17683 | Orc:2    | Found a staircase to the Elven Halls.
 18229 | Orc:2    | Bought a scroll of enchant armour for 135 gold pieces
 18229 | Orc:2    | Bought a scroll of amnesia for 63 gold pieces
 18243 | Orc:2    | Bought a +2 scale mail of fire resistance for 294 gold pieces
 18245 | Orc:2    | Bought a scroll of identify for 36 gold pieces
 18245 | Orc:2    | Bought a scroll of identify for 36 gold pieces
 18266 | Orc:2    | Bought a scroll of identify for 36 gold pieces
 18266 | Orc:2    | Bought a scroll of identify for 36 gold pieces
 18556 | Elf:1    | Entered Level 1 of the Elven Halls
 18564 | Elf:1    | Noticed a deep elf death mage
 18616 | Elf:1    | HP: 4/84 [trident of piercing (1)]
 18913 | Lair:1   | Reached skill level 14 in Unarmed Combat
 19715 | Lair:2   | Found a staircase to the Swamp.
 20884 | Lair:4   | Found a frozen archway.
 20903 | IceCv    | Entered an ice cave
 21254 | IceCv    | Noticed a reaper
 21299 | IceCv    | Killed a reaper
 21322 | IceCv    | Gained mutation: You can fly continuously. [Tengu growth]
 21322 | IceCv    | Reached XP level 14. HP: 69/92 MP: 15/15
 21727 | Lair:4   | Reached skill level 15 in Unarmed Combat
 22210 | Lair:4   | Identified Ocuownuv's Reference Book on Shape Shifting and Flight
 22300 | Lair:5   | Reached skill level 10 in Armour
 22400 | Lair:5   | Noticed Urug
 22414 | Lair:5   | Killed Urug
 22559 | Lair:5   | Gained mutation: You are dopey. (Int -2) [Ru sacrifice]
 23160 | Lair:5   | Found a viscous altar of Jiyva.
 23161 | Lair:5   | Found a staircase to the Slime Pits.
 23191 | Lair:6   | Entered Level 6 of the Lair of Beasts
 23965 | Lair:6   | Gained mutation: You are very dopey. (Int -4) [Ru sacrifice]
 23965 | Lair:6   | Reached ****** piety under Ru
 24336 | Lair:6   | Reached XP level 15. HP: 99/99 MP: 16/16
 24472 | Lair:6   | Found a burning altar of Makhleb.
 24482 | Lair:6   | Found a gateway to Hell.
 25146 | Hell     | Entered the Vestibule of Hell
 25150 | Hell     | Noticed Geryon
 25442 | D:13     | Reached skill level 16 in Unarmed Combat
 25488 | D:13     | Got a transparent scythe
 26209 | D:13     | Found Fuiplutu's Jewellery Shop.
 26231 | D:13     | Identified the cursed +0 scythe "Banisher" {antimagic, rN++ Str+6 Dex+3} (You found it on level 13 of the Dungeon)
 26370 | D:14     | Found Figim's Assorted Antiques.
 26427 | D:14     | Found Jiesu's Assorted Antiques.
 26440 | D:14     | Bought a garnet ring for 115 gold pieces
 26440 | D:14     | Bought a scroll of identify for 46 gold pieces
 26558 | D:14     | Found Fiabb's Antique Armour Shoppe.
 26966 | D:14     | Found Detz's Armour Shoppe.
 27018 | D:14     | Found Eddamoq's General Store.
 27134 | D:14     | Identified the Reference Book on the Poisonous Rocks
 27628 | D:14     | Bought a twisted scale mail for 342 gold pieces
 27648 | D:14     | Identified the cursed +0 scale mail of the Inquisitive Souls {+Blink rF+} (You bought it in a shop on level 14 of the Dungeon)
 27921 | Swamp:1  | Entered Level 1 of the Swamp
 28233 | Lair:3   | Reached skill level 15 in Dodging
 28624 | Lair:3   | Found a hole to the Spider Nest.
 29162 | Spider:1 | Entered Level 1 of the Spider Nest
 29204 | Lair:3   | Upgraded the game from 0.22-a0-355-g201945f to 0.22-a0-358-g7563fe7
 29497 | D:11     | Bought a wand of acid (6) for 200 gold pieces
 30493 | D:14     | Bought a scroll of teleportation for 45 gold pieces
 30493 | D:14     | Bought a scroll of teleportation for 45 gold pieces
 30581 | D:14     | Bought a twisted lead wand for 120 gold pieces
 30630 | D:14     | Bought a +0 scale mail of poison resistance for 128 gold pieces
 30930 | Swamp:1  | Noticed Aizul
 31010 | Spider:1 | Noticed Nikola
 31067 | Lair:3   | Reached skill level 1 in Evocations
 31305 | Lair:3   | Mangled by a wolf spider

Vault maps used:
D:1:      evilmike_arrival_crescent
D:2:      serial_curves, eino_curves_02, eino_curves_03,
          chequers_ecumenical_altar_simple_redux
D:3:      zin_treasury, grunt_ministairs_7, xom_redecorated
D:4:      uniq_sigmund
D:5:      lemuel_doored_altar, temple_green, first_ration, uniq_blork_the_orc
D:7:      evilmike_ruin_ashenzari
D:8:      lair_entry_dummy, david_nohive_1
D:9:      orc_0_dummy, serial_shops, shop_coins, uniq_psyche
D:10:     grunt_decor_mini_mirrors, dk_vineyard_1
D:11:     minmay_firetagon, serial_shops, shop, uniq_erolcha
D:13:     lemuel_castle_with_subvaults, grunt_vaults_entry_tiered,
          enter_bailey_2, serial_shops, nicolae_shop_crystal,
          kennysheep_generic_room_3
D:14:     serial_shops, shop_statue, nicolae_shop_overgrown_old_shop, shop,
          shop, nicolae_shop_behind_doors, kennysheep_boxes
Temple:   regret_index_temple_chain_breaker
Lair:1:   columned_hall_lemuel, serial_bayou_pond_e
Lair:2:   minmay_swamp_entry_worms
Lair:3:   spider_nest_entry_a, minmay_hedge_maze, grunt_megastairs_2,
          lemuel_fruit_fields
Lair:4:   portal_ice_cave_rime, minmay_lindwurm_lava, grunt_megastairs_5
Lair:5:   lemuel_slime, dpeg_slime_entry_enclosed_altar, uniq_urug
Lair:6:   evil_forest, grunt_megastairs_4
Swamp:1:  evilmike_swamp_ruin_house_4, uniq_aizul
Spider:1: nicolae_spider_webs_and_nodes, uniq_nikola, uniq_rupert, uniq_donald
Orc:1:    nooodl_orcs_dogs
Orc:2:    st_orc_mages, nicolae_orc_pool_cavern
Elf:1:    orc_legates
IceCv:    ice_cave_small_demon

Skill      XL: |  1  2  3  4  5  6  7  8  9 10 11 12 13 14 15 |
---------------+----------------------------------------------+-----
Dodging        | 1 2 3 4 5 9 10 12 13 14 15 | 15.2
Unarmed Combat | 3 4 5 6 7 9 11 12 13 14 15 16 | 16.6
Armour         | 4 6 7 8 9 11 | 11.0
Fighting       | 6 5 7 9 11 12 13 14 | 14.1
Shields        | 5 4 6 7 |  7.7
Evocations     | 1 |  1.4

Action                   |  1- 3 |  4- 6 |  7- 9 | 10-12 | 13-15 || total
-------------------------+-------+-------+-------+-------+-------++-------
Melee: Unarmed           |    90 |   112 |   402 |   749 |  1429 ||  2782
       Kick              |    25 |    35 |   140 |   335 |   748 ||  1283
       Peck              |    15 |    18 |    86 |   199 |   497 ||   815
       Punch             |       |       |     3 |       |       ||     3
       Demon trident     |       |       |       |       |     3 ||     3
Throw: Stone             |       |       |       |     7 |     4 ||    11
Invok: Sacrifice Experie |       |       |     1 |       |       ||     1
       Sacrifice Love    |       |       |     1 |       |       ||     1
       Power Leap        |       |       |       |     7 |     2 ||     9
       Sacrifice Drink   |       |       |       |     1 |       ||     1
       Sacrifice Arcana  |       |       |       |     1 |       ||     1
       Draw Out Power    |       |       |       |       |     1 ||     1
       Reject Sacrifices |       |       |       |       |     1 ||     1
       Sacrifice Purity  |       |       |       |       |     2 ||     2
 Abil: Fly               |       |       |       |     6 |     5 ||    11
Evoke: Wand              |       |       |     2 |    20 |    20 ||    42
       Lamp of fire      |       |       |       |     1 |     2 ||     3
       Fan of gales      |       |       |       |       |     1 ||     1
       Lightning rod     |       |       |       |       |     1 ||     1
  Use: Scroll            |       |     4 |     3 |     5 |    29 ||    41
       Potion            |       |     4 |       |     3 |       ||     7
 Stab: Invisible         |       |       |     1 |     5 |    15 ||    21
       Distracted        |       |       |       |     3 |    11 ||    14
       Sleeping          |       |       |       |     4 |       ||     4
       Paralysed         |       |       |       |       |     4 ||     4
       Petrified         |       |       |       |       |     4 ||     4
  Eat: Chunk             |     1 |     5 |    17 |    20 |    23 ||    66
       Ration            |       |     1 |       |     3 |     7 ||    11
Armor: Scale mail        |    27 |    48 |     7 |       |    67 ||   149
       Leather armour    |       |       |    57 |    68 |    36 ||   161
       Robe              |       |       |       |     1 |       ||     1
Dodge: Dodged            |    18 |    40 |   146 |   387 |   814 ||  1405
Block: Shield            |    28 |    46 |   133 |   294 |   672 ||  1173
       Large shield      |       |       |       |       |    75 ||    75
       Rpst.: Unarmed    |       |       |       |   105 |   204 ||   309

Table legend:
 A = Spawn XP
 B = Non-spawn XP
 C = Spawn XP percentage of total XP
 D = Spawn monster count
 E = Non-spawn monster count
 F = Spawn count percentage of total count
 G = Total turns spent on level
                    A         B        C        D         E        F      G
               +---------+---------+-------+---------+---------+-------+---------
         Total |       0 |  132358 |   0.0 |       0 |     828 |   0.0 | 31305
               +---------+---------+-------+---------+---------+-------+---------
           D:1 |       0 |      41 |   0.0 |       0 |      21 |   0.0 |   825
           D:2 |       0 |      49 |   0.0 |       0 |      18 |   0.0 |   610
           D:3 |       0 |     144 |   0.0 |       0 |      33 |   0.0 |  1914
           D:4 |       0 |     608 |   0.0 |       0 |      21 |   0.0 |   806
           D:5 |       0 |     824 |   0.0 |       0 |      17 |   0.0 |  1751
           D:6 |       0 |    1796 |   0.0 |       0 |      33 |   0.0 |  1619
           D:7 |       0 |     935 |   0.0 |       0 |      22 |   0.0 |   930
           D:8 |       0 |    2408 |   0.0 |       0 |      32 |   0.0 |  1695
           D:9 |       0 |    3725 |   0.0 |       0 |      36 |   0.0 |  1844
          D:10 |       0 |    4196 |   0.0 |       0 |      43 |   0.0 |  2193
          D:11 |       0 |    5547 |   0.0 |       0 |      21 |   0.0 |  1622
          D:12 |       0 |    2770 |   0.0 |       0 |      16 |   0.0 |   835
          D:13 |       0 |   16370 |   0.0 |       0 |     101 |   0.0 |  2146
          D:14 |       0 |   10000 |   0.0 |       0 |      38 |   0.0 |  1565
        Lair:1 |       0 |    6268 |   0.0 |       0 |      26 |   0.0 |  1037
        Lair:2 |       0 |    7867 |   0.0 |       0 |      36 |   0.0 |  1394
        Lair:3 |       0 |   12560 |   0.0 |       0 |      40 |   0.0 |  1558
        Lair:4 |       0 |   12433 |   0.0 |       0 |      39 |   0.0 |   846
        Lair:5 |       0 |    5561 |   0.0 |       0 |      41 |   0.0 |  1106
        Lair:6 |       0 |   20862 |   0.0 |       0 |      63 |   0.0 |  1852
       Swamp:1 |       0 |    1227 |   0.0 |       0 |       2 |   0.0 |    26
      Spider:1 |       0 |    1209 |   0.0 |       0 |       5 |   0.0 |    47
         Orc:1 |       0 |    3184 |   0.0 |       0 |      36 |   0.0 |  1157
         Orc:2 |       0 |    7225 |   0.0 |       0 |      62 |   0.0 |  1173
         Elf:1 |       0 |     352 |   0.0 |       0 |       1 |   0.0 |    63
         IceCv |       0 |    4197 |   0.0 |       0 |      25 |   0.0 |   655
               +---------+---------+-------+---------+---------+-------+---------
